Map: Oxide LE

Players

ieLLiMo - Winner!

  • Race: Protoss Protoss
  • League: Master
  • Spawn Location: 7:00

MarcoMan

  • Race: Protoss Protoss
  • League: Master
  • Spawn Location: 1:00

VOD

Have the link to the VOD?

Description

Time

  • Played on: Jan. 15, 2021, 10:57 p.m.
  • Length: 9:10
Show
View Real Time Build Order
Export as new Build Order

ieLLiMo Protoss - Winner!

Build Orders: Phoenix Opening, Archon Immortal 

Get SALT Encoding   

  12  0:00  Probe  
  13  0:12  Probe  
  14  0:18  Pylon  
  14  0:24  Probe (Chrono Boost)  
  15  0:37  Probe (Chrono Boost)  
  15  0:39  Gateway  
  16  0:45  Probe (Chrono Boost)  
  16  0:47  Assimilator  
  17  0:51  Probe  
  18  1:00  Assimilator  
  18  1:03  Probe (Chrono Boost)  
  19  1:12  Gateway  
  19  1:14  Probe (Chrono Boost)  
  20  1:19  Probe (Chrono Boost)  
  21  1:26  Cybernetics Core  
  21  1:30  Probe  
  22  1:34  Pylon  
  22  1:42  Probe  
  24  1:54  Probe  
  24  2:02  Stalker  
  24  2:03  Sentry  
  24  2:06  Probe  
  29  2:09  Warp Gate  
  29  2:14  Pylon  
  29  2:18  Probe  
  30  2:29  Sentry  
  31  2:33  Stalker  
  31  2:35  Probe  
  34  2:48  Nexus  
  34  2:52  Probe  
  35  3:00  Robotics Facility  
  35  3:04  Probe  
  36  3:16  Probe  
  37  3:24  Forge  
  37  3:26  Sentry  
  39  3:27  Pylon  
  39  3:45  Immortal (Chrono Boost), Probe  
  44  3:51  Pylon  
  44  3:53  Phoenix  
  44  3:58  Sentry  
  44  3:59  Probe (Chrono Boost)  
  44  4:00  Stalker  
  49  4:05  Probe (Chrono Boost)  
  51  4:15  Probe x2 (Chrono Boost)  
  52  4:18  Observer  
  52  4:20  Probe (Chrono Boost)  
  52  4:22  Protoss Ground Weapons Level 1 (Chrono Boost), Probe  
  55  4:32  Probe  
  55  4:34  Assimilator, Probe  
  55  4:37  Assimilator  
  57  4:44  Probe  
  58  4:46  Probe  
  58  4:47  Gateway  
  58  4:50  Gateway  
  59  4:56  Probe  
  59  4:57  Immortal  
  59  4:58  Probe  
  65  5:08  Pylon  
  65  5:10  Pylon, Probe  
  65  5:11  Probe  
  67  5:23  Probe x2  
  67  5:24  Pylon  
  69  5:32  Nexus  
  69  5:35  Probe x2  
  71  5:43  Twilight Council  
  71  5:45  Gateway  
  71  5:47  Probe x2  
  73  5:56  Immortal  
  77  6:04  Probe x2  
  77  6:08  Stalker  
  77  6:09  Zealot  
  82  6:16  Probe  
  82  6:17  Charge (Chrono Boost)  
  83  6:20  Templar Archives  
  83  6:25  Probe  
  84  6:28  Probe  
  85  6:36  Immortal  
  85  6:41  Protoss Ground Weapons Level 2 (Chrono Boost)  
  85  6:45  Gateway  
  85  6:46  Gateway, Probe x2  
  91  6:48  Gateway  
  91  6:49  Pylon  
  91  6:57  Zealot, High Templar x2  
  97  7:05  Probe x3  
  100  7:11  Pylon  
  100  7:12  High Templar x2  
  100  7:13  Archon  
  100  7:14  Observer  
  104  7:19  Archon, Pylon  
  105  7:23  Probe x3  
  105  7:27  Pylon  
  105  7:29  Pylon  
  108  7:31  Pylon  
  108  7:32  Warp Prism (Chrono Boost)  
  108  7:34  Assimilator  
  110  7:38  Assimilator  
  110  7:41  Pylon  
  110  7:43  Zealot x2, High Templar x2  
  118  7:51  Archon, Zealot x2  
  118  7:52  Zealot x2  
  126  7:59  Pylon  
  126  8:05  Pylon  
  126  8:09  High Templar x2  
  130  8:21  Zealot x6  
  130  8:25  Archon  
  130  8:26  Immortal  
  118  8:55  Zealot, High Templar x2  
  114  8:56  Zealot x5  
  114  9:02  Archon  
Show
View Real Time Build Order
Export as new Build Order

MarcoMan Protoss 

Build Orders: Blink Stalkers 

Get SALT Encoding   

  12  0:01  Probe  
  13  0:13  Probe  
  14  0:21  Pylon  
  14  0:25  Probe  
  15  0:39  Gateway, Probe  
  16  0:51  Assimilator, Probe  
  17  1:00  Assimilator  
  17  1:03  Probe  
  18  1:15  Gateway, Probe  
  19  1:28  Cybernetics Core  
  19  1:30  Probe  
  20  1:42  Probe  
  20  1:44  Pylon  
  21  1:54  Probe  
  22  2:02  Stalker x2 (Chrono Boost)  
  22  2:08  Warp Gate  
  26  2:21  Pylon  
  26  2:42  Stalker x2  
  30  3:11  Nexus  
  30  3:18  Probe  
  29  3:26  Twilight Council  
  29  3:30  Probe (Chrono Boost)  
  31  3:42  Probe (Chrono Boost)  
  31  3:47  Probe (Chrono Boost)  
  32  3:56  Probe  
  32  3:57  Stalker x2  
  32  3:59  Blink (Chrono Boost)  
  37  4:08  Probe  
  38  4:14  Robotics Facility  
  38  4:20  Probe  
  39  4:25  Probe  
  40  4:33  Probe  
  40  4:38  Probe  
  42  4:45  Probe  
  43  4:50  Probe  
  44  4:55  Forge  
  44  4:57  Probe  
  45  5:00  Pylon  
  45  5:01  Observer  
  45  5:02  Probe  
  47  5:09  Probe  
  47  5:12  Robotics Bay  
  49  5:14  Probe  
  49  5:17  Assimilator  
  49  5:19  Assimilator  
  50  5:21  Probe  
  50  5:22  Observer  
  50  5:24  Gateway  
  50  5:26  Gateway, Probe  
  52  5:28  Stalker  
  52  5:31  Protoss Ground Weapons Level 1 (Chrono Boost)  
  54  5:46  Probe  
  55  5:54  Probe  
  56  6:01  Nexus  
  56  6:12  Probe x2  
  58  6:24  Probe  
  58  6:25  Probe  
  60  6:36  Pylon  
  60  6:37  Probe x2  
  60  6:38  Pylon  
  62  6:44  Pylon  
  62  6:50  Disruptor (Chrono Boost)  
  62  6:54  Probe x2  
  67  6:57  Stalker x3, Shield Battery x2  
  67  6:58  Stalker  
  75  7:06  Probe x2  
  77  7:13  Assimilator  
  77  7:17  Disruptor (Chrono Boost)  
  77  7:18  Assimilator, Probe x2  
  77  7:19  Gateway  
  82  7:23  Gateway  
  82  7:25  Pylon  
  82  7:26  Probe  
  83  7:30  Photon Cannon, Probe x2  
  83  7:35  Stalker x2  
  83  7:36  Stalker  
  91  7:38  Probe  
  91  7:39  Pylon  
  91  7:42  Probe  
  93  7:50  Disruptor (Chrono Boost)  
  96  7:59  Probe x2  
  96  8:00  Probe  
  96  8:02  Stalker  
  96  8:03  Stalker  
  103  8:11  Pylon, Probe x2  
  103  8:12  Probe  
  106  8:16  Disruptor (Chrono Boost)  
  107  8:23  Probe  
  108  8:27  Stalker  
  108  8:28  Probe  
  108  8:29  Probe  
  108  8:30  Stalker x2  
  108  8:31  Pylon  
  108  8:33  Pylon  
  116  8:38  Probe  
  116  8:40  Probe  
  118  8:53  Zealot x3  
  118  8:54  Zealot x3  
Tags
 
Matchup
PvP
Replay Pack
Weekend
Spawn Locations
Cross Positions
Add a new tag
Caveats
  • Supply blocks, unpowered buildings, or Contaminate may cause inaccurate times.
  • Supply counts are checked every 10 seconds.